[ AOE2 MATCH · #482015202 ]
UnrankedMongols vs Berbers
Player's team · LOSS
Rival team · WIN
[ REPLAY ANALYSIS · EXTRACTED FROM THE RECORDED GAME ]
Feudal
12:18
Castle
16:20
Imperial
—
| APM avg | 58.1 |
| APM peak | 92 |
| eAPM avg | 29.3 |
| Villagers / military | 64 / 42 |
Focus
⚔️ 51.7% · 🌾 48.3%
Knight ×10 · Militia ×7 · Camel Scout ×7 · Scorpion ×5 · Monk ×4 · Spearman ×4
Feudal
7:11
Castle
17:50
Imperial
—
| APM avg | 50.3 |
| APM peak | 74 |
| eAPM avg | 21.5 |
| Villagers / military | 93 / 30 |
Focus
⚔️ 29.4% · 🌾 70.6%
Camel Archer ×10 · Archer ×7 · Monk ×5 · Cavalry Archer ×5 · Knight ×2 · Mangonel ×1
Match map
Initial resources + every placement click. Lines = walls · curves = elevation contours. ◆ gold · ⬟ stone · ● berries · ✦ relic · ◌ wall gap
Your base· ✓ Closed at 16:20 · 53t walls · no gate
Gabi's base· ✓ Closed at 17:50 · 66t walls · 2 gate(s)
Smoothed initial terrain · ◌ = detected wall gap · hover for details
Inputs per minute
— Hozmi - - Gabi
Build order — Hozmi
First 150 of 201 actions detected
| 0:01 | Create | Villager (Male) ×2 |
| 0:01 | Create | Villager (Male) ×2 |
| 0:34 | Create | Villager (Male) |
| 0:39 | Build | Barracks |
| 1:03 | Create | Villager (Male) |
| 1:14 | Create | Villager (Male) |
| 1:20 | Build | House |
| 1:35 | Create | Villager (Male) |
| 1:36 | Create | Villager (Male) |
| 1:47 | Create | Militia |
| 1:50 | Create | Militia |
| 2:13 | Build | House |
| 2:22 | Create | Militia |
| 2:23 | Create | Villager (Male) |
| 2:37 | Build | House |
| 2:40 | Create | Villager (Male) |
| 2:44 | Create | Militia |
| 2:59 | Create | Militia |
| 3:11 | Create | Villager (Male) |
| 3:28 | Create | Villager (Male) |
| 3:34 | Build | Lumber Camp |
| 3:36 | Create | Villager (Male) |
| 3:38 | Build | House |
| 4:19 | Create | Villager (Male) |
| 4:42 | Build | Mill |
| 4:55 | Create | Villager (Male) |
| 5:18 | Create | Villager (Male) |
| 5:35 | Build | Mining Camp |
| 5:42 | Create | Villager (Male) |
| 5:57 | Build | Mill |
| 6:01 | Build | Mill |
| 6:11 | Create | Villager (Male) |
| 6:36 | Create | Militia |
| 6:38 | Create | Militia |
| 6:45 | Create | Villager (Male) |
| 6:45 | Create | Villager (Male) |
| 6:50 | Build | House |
| 6:52 | Build | House |
| 6:55 | Create | Villager (Male) |
| 7:02 | Build | House |
| 7:08 | Build | Farm |
| 7:14 | Build | Farm |
| 7:19 | Create | Villager (Male) |
| 7:19 | Create | Villager (Male) |
| 7:31 | Create | Villager (Male) |
| 7:47 | Build | House |
| 7:49 | Build | Palisade Wall |
| 7:50 | Build | Palisade Wall |
| 8:21 | Create | Villager (Male) |
| 9:13 | Create | Villager (Male) |
| 9:17 | Research | Loom |
| 9:27 | Build | Palisade Wall |
| 9:32 | Build | Palisade Wall |
| 9:38 | Build | Mining Camp |
| 9:49 | Build | House |
| 9:50 | Build | House |
| 10:02 | Build | Palisade Wall |
| 10:04 | Build | Palisade Wall |
| 10:08 | Research | Feudal Age |
| 10:12 | Build | House |
| 10:33 | Build | Farm |
| 10:52 | Build | Palisade Wall |
| 11:12 | Build | Farm |
| 11:21 | Build | Farm |
| 11:41 | Create | Villager (Male) |
| 11:59 | Build | Farm |
| 12:00 | Build | Farm |
| 12:01 | Build | Farm |
| 12:18 | Age | Feudal Age |
| 12:20 | Build | Market |
| 12:33 | Build | Palisade Wall |
| 12:35 | Create | Villager (Male) |
| 12:55 | Build | Blacksmith |
| 13:03 | Create | Villager (Male) |
| 13:17 | Build | Farm |
| 13:33 | Build | Watch Tower |
| 13:39 | Build | House |
| 13:40 | Research | Castle Age |
| 13:40 | Research | Castle Age |
| 14:02 | Research | Double-Bit Axe |
| 14:19 | Build | Stone Wall |
| 14:47 | Build | Stable |
| 14:56 | Build | Stable |
| 15:01 | Build | Stone Wall |
| 15:13 | Build | Stable |
| 15:28 | Research | Scale Barding Armor |
| 15:36 | Build | House |
| 15:38 | Create | Villager (Male) |
| 15:43 | Build | Farm |
| 16:07 | Research | Bloodlines |
| 16:07 | Create | Villager (Male) |
| 16:09 | Build | Farm |
| 16:12 | Build | Farm |
| 16:20 | Age | Castle Age |
| 16:21 | Build | Lumber Camp |
| 16:23 | Create | Knight |
| 16:24 | Create | Knight |
| 16:24 | Create | Knight |
| 16:26 | Create | Villager (Male) |
| 16:26 | Create | Villager (Male) |
| 16:53 | Build | Farm |
| 16:58 | Create | Knight |
| 17:12 | Create | Villager (Male) |
| 17:37 | Create | Villager (Male) |
| 17:53 | Create | Knight |
| 17:54 | Create | Knight |
| 17:54 | Create | Villager (Male) |
| 17:55 | Create | Villager (Male) |
| 18:10 | Build | Siege Workshop |
| 18:14 | Build | Farm |
| 18:18 | Create | Knight |
| 18:18 | Create | Knight |
| 18:35 | Create | Knight |
| 18:42 | Build | Monastery |
| 18:55 | Create | Villager (Male) |
| 19:06 | Build | Siege Workshop |
| 19:11 | Create | Villager (Male) |
| 19:23 | Create | Villager (Male) |
| 19:27 | Build | Farm |
| 19:28 | Build | Farm |
| 19:28 | Build | Farm |
| 19:30 | Build | Farm |
| 19:37 | Create | Steppe Lancer |
| 19:37 | Create | Steppe Lancer |
| 19:48 | Create | Villager (Male) |
| 19:50 | Create | Monk |
| 20:02 | Create | Mangonel |
| 20:05 | Research | Scale Mail Armor |
| 20:09 | Build | House |
| 20:13 | Create | Spearman |
| 20:13 | Create | Spearman |
| 20:24 | Build | Farm |
| 20:31 | Create | Villager (Male) |
| 20:32 | Build | House |
| 20:38 | Create | Monk |
| 20:43 | Create | Spearman |
| 20:48 | Create | Spearman |
| 20:59 | Create | Villager (Male) |
| 21:06 | Create | Knight |
| 21:12 | Build | House |
| 21:16 | Create | Villager (Male) |
| 21:25 | Build | House |
| 21:38 | Create | Villager (Male) |
| 21:44 | Create | Scorpion |
| 21:45 | Create | Scorpion |
| 21:52 | Create | Monk |
| 21:53 | Build | Farm |
| 22:00 | Create | Villager (Male) |
| 22:04 | Build | Farm |
| 22:17 | Create | Scorpion |
Build order — Gabi
First 150 of 243 actions detected
| 0:01 | Create | Villager (Male) |
| 0:01 | Create | Villager (Male) |
| 0:06 | Build | Lumber Camp |
| 0:43 | Create | Villager (Male) |
| 1:12 | Create | Villager (Male) |
| 1:20 | Build | House |
| 1:29 | Create | Villager (Male) |
| 1:46 | Build | Palisade Wall |
| 1:52 | Create | Villager (Male) |
| 1:55 | Build | Palisade Wall |
| 2:14 | Create | Villager (Male) |
| 2:17 | Build | House |
| 2:37 | Build | Palisade Wall |
| 2:51 | Create | Villager (Male) |
| 3:03 | Create | Villager (Male) |
| 3:05 | Build | Mill |
| 3:21 | Create | Villager (Male) |
| 3:36 | Build | Palisade Wall |
| 3:45 | Create | Villager (Male) |
| 3:50 | Build | Palisade Wall |
| 3:52 | Build | House |
| 3:53 | Build | Palisade Wall |
| 3:55 | Build | Palisade Wall |
| 3:58 | Create | Villager (Male) |
| 3:59 | Build | Palisade Wall |
| 4:17 | Research | Loom |
| 4:37 | Build | Palisade Wall |
| 4:38 | Build | Palisade Wall |
| 4:39 | Build | Palisade Wall |
| 4:51 | Build | Palisade Wall |
| 5:01 | Research | Feudal Age |
| 5:01 | Research | Feudal Age |
| 5:03 | Build | Palisade Wall |
| 6:05 | Build | Barracks |
| 6:20 | Build | Palisade Wall |
| 6:21 | Build | Palisade Wall |
| 7:06 | Create | Villager (Male) |
| 7:11 | Age | Feudal Age |
| 7:14 | Build | Archery Range |
| 7:32 | Research | Double-Bit Axe |
| 7:32 | Create | Villager (Male) |
| 7:44 | Create | Villager (Male) |
| 7:52 | Create | Villager (Male) |
| 7:58 | Build | Palisade Gate |
| 8:04 | Build | House |
| 8:07 | Create | Villager (Male) |
| 8:14 | Create | Archer |
| 8:19 | Create | Villager (Male) |
| 8:27 | Create | Villager (Male) |
| 8:32 | Build | Mining Camp |
| 8:38 | Create | Villager (Male) |
| 8:56 | Build | Palisade Wall |
| 8:57 | Create | Villager (Male) |
| 9:01 | Create | Archer |
| 9:03 | Create | Villager (Male) |
| 9:15 | Build | Palisade Wall |
| 9:17 | Build | Palisade Wall |
| 9:21 | Build | Farm |
| 9:25 | Build | Farm |
| 9:45 | Create | Villager (Male) |
| 9:52 | Create | Archer |
| 10:21 | Create | Archer |
| 10:26 | Build | Farm |
| 10:28 | Create | Villager (Male) |
| 10:30 | Build | House |
| 10:37 | Create | Archer |
| 10:56 | Research | Horse Collar |
| 11:13 | Build | House |
| 11:35 | Create | Archer |
| 11:42 | Create | Villager (Male) |
| 11:43 | Build | Farm |
| 11:44 | Build | Farm |
| 11:48 | Build | House |
| 11:51 | Build | Farm |
| 11:52 | Build | Farm |
| 11:53 | Build | Farm |
| 11:56 | Build | Farm |
| 12:08 | Create | Villager (Male) |
| 12:15 | Build | Farm |
| 12:18 | Build | Farm |
| 12:44 | Create | Villager (Male) |
| 12:47 | Build | House |
| 12:50 | Build | Lumber Camp |
| 13:06 | Create | Villager (Male) |
| 13:08 | Build | Farm |
| 13:10 | Build | Farm |
| 13:21 | Create | Archer |
| 13:45 | Create | Villager (Male) |
| 13:50 | Build | Blacksmith |
| 13:53 | Create | Villager (Male) |
| 14:11 | Create | Villager (Male) |
| 14:22 | Build | Mining Camp |
| 14:27 | Build | Palisade Wall |
| 14:32 | Build | Palisade Gate |
| 14:33 | Build | Palisade Wall |
| 15:10 | Research | Castle Age |
| 15:36 | Build | Farm |
| 15:46 | Research | Fletching |
| 16:02 | Build | Lumber Camp |
| 16:33 | Research | Padded Archer Armor |
| 16:34 | Research | Gold Mining |
| 17:39 | Create | Villager (Male) |
| 17:44 | Build | House |
| 17:46 | Build | House |
| 17:50 | Age | Castle Age |
| 17:53 | Research | Bodkin Arrow |
| 17:54 | Create | Villager (Male) |
| 17:56 | Build | Town Center |
| 18:03 | Build | Monastery |
| 18:06 | Research | Bow Saw |
| 18:08 | Research | Heavy Plow |
| 18:14 | Create | Cavalry Archer |
| 18:22 | Create | Villager (Male) |
| 18:36 | Create | Villager (Male) |
| 18:45 | Build | Town Center |
| 18:51 | Create | Monk |
| 18:52 | Create | Cavalry Archer |
| 18:54 | Build | House |
| 18:55 | Build | House |
| 19:00 | Create | Villager (Male) |
| 19:01 | Create | Villager (Male) |
| 19:03 | Build | House |
| 19:05 | Build | Gate |
| 19:12 | Build | House |
| 19:15 | Build | House |
| 19:16 | Build | House |
| 19:19 | Create | Villager (Male) |
| 19:24 | Create | Villager (Male) |
| 19:30 | Create | Villager (Male) |
| 19:38 | Build | Farm |
| 19:49 | Build | Farm |
| 19:51 | Create | Villager (Male) |
| 19:55 | Build | House |
| 19:56 | Build | House |
| 19:57 | Create | Villager (Male) |
| 19:58 | Create | Monk |
| 20:02 | Build | Farm |
| 20:05 | Create | Villager (Male) |
| 20:17 | Build | Farm |
| 20:19 | Create | Villager (Male) |
| 20:26 | Create | Villager (Male) |
| 20:42 | Create | Villager (Male) |
| 20:46 | Create | Monk |
| 20:53 | Create | Villager (Male) |
| 20:55 | Build | Stone Wall |
| 21:00 | Build | Farm |
| 21:02 | Build | Farm |
| 21:03 | Create | Cavalry Archer |
| 21:03 | Create | Cavalry Archer |
| 21:06 | Create | Villager (Male) |
Match timeline
| 0:39 | Hozmi · first_building Barracks |
| 1:46 | Gabi · wall_segment Palisade Wall x19 |
| 1:55 | Gabi · wall_segment Palisade Wall x3 |
| 2:37 | Gabi · wall_segment Palisade Wall x11 |
| 3:36 | Gabi · wall_segment Palisade Wall x13 |
| 3:50 | Gabi · wall_segment Palisade Wall x1 |
| 3:53 | Gabi · wall_segment Palisade Wall x1 |
| 3:55 | Gabi · wall_segment Palisade Wall x1 |
| 3:59 | Gabi · wall_segment Palisade Wall x1 |
| 4:37 | Gabi · wall_segment Palisade Wall x1 |
| 4:38 | Gabi · wall_segment Palisade Wall x1 |
| 4:39 | Gabi · wall_segment Palisade Wall x1 |
| 4:51 | Gabi · wall_segment Palisade Wall x1 |
| 5:03 | Gabi · wall_segment Palisade Wall x7 |
| 6:05 | Gabi · first_building Barracks |
| 6:20 | Gabi · wall_segment Palisade Wall x4 |
| 6:21 | Gabi · wall_segment Palisade Wall x1 |
| 7:11 | Gabi · age_up feudal |
| 7:14 | Gabi · first_building Archery Range |
| 7:49 | Hozmi · wall_segment Palisade Wall x7 |
| 7:50 | Hozmi · wall_segment Palisade Wall x3 |
| 8:56 | Gabi · wall_segment Palisade Wall x1 |
| 9:15 | Gabi · wall_segment Palisade Wall x1 |
| 9:17 | Gabi · wall_segment Palisade Wall x1 |
| 9:27 | Hozmi · wall_segment Palisade Wall x4 |
| 9:32 | Hozmi · wall_segment Palisade Wall x8 |
| 10:02 | Hozmi · wall_segment Palisade Wall x5 |
| 10:04 | Hozmi · wall_segment Palisade Wall x14 |
| 10:52 | Hozmi · wall_segment Palisade Wall x6 |
| 12:18 | Hozmi · age_up feudal |
| 12:33 | Hozmi · wall_segment Palisade Wall x1 |
| 14:19 | Hozmi · wall_segment Stone Wall x5 |
| 14:27 | Gabi · wall_segment Palisade Wall x3 |
| 14:33 | Gabi · wall_segment Palisade Wall x1 |
| 14:47 | Hozmi · first_building Stable |
| 15:01 | Hozmi · wall_segment Stone Wall x1 |
| 16:06 | Hozmi · first_market_buy 100 food |
| 16:20 | Hozmi · age_up castle |
| 17:50 | Gabi · age_up castle |
| 18:03 | Gabi · first_building Monastery |
| 18:10 | Hozmi · first_building Siege Workshop |
| 18:42 | Hozmi · first_building Monastery |
| 20:55 | Gabi · wall_segment Stone Wall x1 |
| 21:56 | Gabi · first_building Castle |
| 23:38 | Gabi · first_building Stable |
| 23:46 | Hozmi · wall_segment Stone Wall x1 |
| 25:42 | Gabi · first_building Siege Workshop |
| 28:07 | Hozmi · resign |
[ AI ANALYSIS · 1 CREDIT ]
What really happened in this match?
Wolo.gg analyzes every decision: build order, eco, micro, common mistakes by bracket. Personalized analysis on WhatsApp or Discord in 30 seconds.
Civ guide
Mongols
Perfil
Jugador #17092381